AoeStats
← b站江条

Arabia

504579037Analyzed
1v1 RM · 27d ago on Sep 5, 2026· 19m 3s· 2 players
Game mode
Random Map
Map size
Tiny (2 player)
Population
200
Speed
Normal
Resources
Standard
Victory
Conquest
Starting age
Dark Age
Ending age
Imperial Age
RankedLock teamsTeams togetherTeam positionsShared explorationLock speedFull tech treeHidden civsTurbo modeCheats
Victory
Defeat
🇬🇧 Magyars · United Kingdom
1392
+14
🇨🇳 Maya · China
1356
-14
b站江条
0:25 Loom
8:50 Feudal Age
14:40 Double-Bit Axe
16:37 Fletching
16:40 Horse Collar
Fomersode
5:09 Loom
9:44 Feudal Age
10:45 Double-Bit Axe
15:34 Fletching
16:39 Padded Archer Armor
Connection lost

Rejoining the realm…

Still unreachable

The connection could not be restored.

Session expired

The server has moved on; the page needs a fresh start.